 Dungeon Crawl Stone Soup version 0.13-a0-2060-gccfd96d (webtiles) character file.

6122 M4edhros the Prestidigitator (level 10, -2/60 HPs)
             Began as an Octopode Artificer on June 26, 2013.
             Was an Elder of Okawaru.
             Slain by an ice beast (22 damage)
             ... on Level 10 of the Dungeon.
             The game lasted 00:48:01 (12689 turns).

M4edhros the Prestidigitator (Octopode Artificer)  Turns: 12689, Time: 00:48:01

HP  -2/60        AC  4     Str 11      XL: 10   Next: 74%
MP  22/22        EV 15     Int 23      God: Okawaru [****..]
Gold 490         SH  0     Dex 13      Spells:  2 memorised, 10 levels left

Res.Fire  : + . .   See Invis. : .   t - +0 sling
Res.Cold  : x . .   Warding    : .   (no shield)
Life Prot.: + . .   Conserve   : .   k - +2 wizard hat
Res.Poison: .       Res.Corr.  : .   F - cursed amulet of faith
Res.Elec. : .       Clarity    : .   Q - +5 ring of intelligence
Sust.Abil.: . .     Spirit.Shd : .   f - ring of fire
Res.Mut.  : .       Stasis     : .   n - ring of life protection
Res.Rott. : .       Flight     : .   (no ring)
Saprovore : . . .                    (no ring)
                                     (no ring)
                                     (no ring)
                                     (no ring)

@: somewhat resistant to hostile enchantments, extremely stealthy
A: almost no armour, amphibious, 8 rings, constrict 8, camouflage 1, deformed
body, AC +2, Int +1
a: Heroism, Renounce Religion


You were on level 10 of the Dungeon.
You worshipped Okawaru.
Okawaru was greatly pleased with you.
You were not hungry.

You visited 2 branches of the dungeon, and saw 11 of its levels.

You collected 470 gold pieces.

Inventory:

Hand weapons
 j - a +5,+4 mace of protection
 t - a +0,+0 sling (weapon)
Missiles
 m - 9 poisoned sling bullets
 u - 41 sling bullets (quivered)
 v - 38 stones
 A - 3 javelins
 C - 12 sling bullets of frost
 M - 15 sling bullets of flame
Armour
 k - a +2 wizard hat (worn)
Magical devices
 b - a wand of flame (0)
 c - a wand of enslavement (0)
 d - a wand of random effects (2)
 i - a wand of paralysis (7)
 r - a wand of confusion (2)
 E - a wand of frost (4)
 H - a wand of random effects (5)
 P - a wand of teleportation (0)
Comestibles
 o - 2 chokos
 p - an apricot
 z - 2 pears
 S - a bread ration
Scrolls
 a - 2 scrolls of enchant weapon II
 e - 7 scrolls of identify
 h - 10 scrolls of remove curse
 l - 4 scrolls of recharging
 q - 2 scrolls of magic mapping
 s - 2 scrolls of amnesia {unknown}
 B - 3 scrolls of curse weapon
 D - a scroll of silence
 J - a scroll of vulnerability
 O - a scroll of teleportation
Jewellery
 f - a ring of fire (right tentacle)
 n - a ring of life protection (on tentacle)
 F - a cursed amulet of faith (around mantle)
 Q - a +5 ring of intelligence (left tentacle)
Potions
 w - a potion of brilliance
 x - 2 potions of might
 G - a potion of poison
 K - a potion of flight {unknown}
 L - a potion of restore abilities
Books
 I - a book of Envenomations

   Spells                             Type                      Level
   Spider Form                        Transmutation/Poison         3
   *Poison Weapon                     Charms/Poison                3
   Summon Scorpions                   Summoning/Poison             4
   Olgreb's Toxic Radiance            Poison                       4
   Poisonous Cloud                    Conjuration/Poison/Air       6
 N - a book of Enchantments

   Spells                             Type                      Level
   Cause Fear                         Hexes                        4
   Silence                            Hexes/Air                    5
   Tukima's Dance                     Hexes                        5
   Deflect Missiles                   Charms/Air                   6
   Haste                              Charms                       6
 T - a book of Burglary

   Spells                             Type                      Level
   Apportation                        Translocation                1
   *Swiftness                         Charms/Air                   2
   Passwall                           Transmutation/Earth          3
   Passage of Golubria                Translocation                4
   Lee's Rapid Deconstruction         Earth                        5
   Darkness                           Hexes                        7
Rods
 y - a +0 rod of demonology (13/13)
   (You found it on level 3 of the Dungeon)


   Skills:
 - Level 1.0 Fighting
   Level 1.0 Short Blades
 * Level 7.6 Maces & Flails
   Level 1.6 Polearms
 + Level 0.0 Slings
 + Level 5.9 Dodging
 + Level 8.6 Stealth
 - Level 2.1 Traps
 + Level 3.3 Spellcasting
 + Level 3.6 Charms
 + Level 4.2 Poison Magic
 * Level 9.7 Evocations


You had 10 spell levels left.
You knew the following spells:

 Your Spells              Type           Power        Failure   Level  Hunger
a - Poison Weapon         Chrm/Pois      ###.......   10%         3    ###....
b - Swiftness             Chrm/Air       ##........   10%         2    #......


Dungeon Overview and Level Annotations

Branches:
Dungeon (10/27)            Temple (1/1) D:4             Orc (0/4) D:9
   Lair (0/8) D:8

Altars:
Ashenzari
Cheibriados
Elyvilon
Fedhas
Kikubaaqudgha
Makhleb
Nemelex Xobeh
Okawaru
Sif Muna
Trog
Vehumet
Xom
Yredelemnul
Zin
the Shining One


Innate Abilities, Weirdness & Mutations

You cannot wear most types of armour.
You are amphibious.
You can wear up to eight rings at the same time.
You can use your tentacles to constrict many enemies at once.
Your skin changes colour to match your surroundings (Stlth).
Your rubbery body absorbs attacks (AC +1).
You are partially covered in molten scales (AC +1).
Your mind is acute (Int +1).
Your body is misshapen.


Message History

Press: ? - help, Shift-Dir - straight line, f/p - ice beast
Aim: an ice beast (almost dead)
You shoot a sling bullet. The sling bullet hits the ice beast.
The ice beast is almost dead.
Firing (i - inventory. (,) - cycle):
u - 42 sling bullets (quivered)
Press: ? - help, Shift-Dir - straight line, f/p - ice beast
Aim: an ice beast (almost dead)
You shoot a sling bullet. The sling bullet hits the ice beast.
The ice beast is almost dead.
You feel sluggish.
Your magical contamination has completely faded away.
A spear hits the ice beast, but does no damage!
The ice beast barely misses you.
Drink which item? (? for menu, Esc to quit)
Okay, then.
A bolt hits the ice beast!
Drink which item? (? for menu, Esc to quit)
You feel better. The ice beast hits you. The ice beast freezes you!
You feel a terrible chill!
You die...

#.........#
#.......###
#.....?...#
#.........#
#.........#
#.........#
#.........#
##..I(....#
#...@.....###########
#...........^........
##....(..............
#....(...............
#....................
#....................
##...................
#....................
#............#.......


You could see an ice beast.

Vanquished Creatures
  Pikel (D:9)
  An elephant (D:8)
  A mottled dragon (D:8)
  2 manticores (D:10)
  The ghost of Kae the Slinger, an average HaHu (D:4)
  A hungry ghost (D:10)
  Menkaure (D:4)
  An orc warrior (D:7)
  A troll zombie (D:9)
  A manticore skeleton (D:8)
  4 sky beasts
  A yellow wasp (D:7)
  2 ice beasts
  2 ogres
  A phantom (D:10)
  A crocodile (D:8)
  2 centaurs
  2 hippogriff skeletons
  Sigmund (D:4)
  Duvessa (D:4)
  5 giant frogs
  A water moccasin (D:9)
  2 agate snails
  A two-headed ogre skeleton (D:7)
  A gnoll sergeant (D:10)
  2 killer bees (D:9)
  3 jellyfish (D:9)
  5 crimson imps
  An orc priest (D:6)
  Dowan (D:4)
  A mottled dragon skeleton (D:10)
  A big kobold skeleton (D:8)
  A goliath beetle (D:7)
  4 scorpions
  5 hounds
  A hound zombie (D:5)
  A quasit (D:9)
  2 iguanas
  A big fish (D:9)
  6 orc wizards
  4 worker ants
  Ijyb (D:3)
  A sheep (D:8)
  3 jellies
  Terence (D:2)
  A mummy (D:9)
  6 gnolls (D:10)
  10 adders
  2 giant mites
  6 worms
  A bat skeleton (D:7)
  2 giant eyeballs
  A giant gecko (D:6)
  An ooze (D:3)
  31 orcs
  12 goblins
  13 hobgoblins
  8 jackals (D:1)
  A ball python (D:4)
  15 bats
  5 giant cockroaches
  6 giant newts
  A giant spore (D:9)
  A hobgoblin skeleton (D:8)
  15 kobolds
  6 quokkas
  15 rats
  A rat skeleton (D:8)
243 creatures vanquished.

Vanquished Creatures (collateral kills)
  Grinder (D:5)
  Prince Ribbit (D:7)
  A sky beast (D:8)
  A quasit (D:8)
  A scorpion (D:4)
  An orc priest (D:7)
  An orc wizard (D:7)
  2 jellies
  2 adders
  A giant gecko (D:8)
  An orc (D:7)
  A kobold (D:8)
14 creatures vanquished.

Vanquished Creatures (others)
  A slave (D:9)
  A jellyfish (D:9)
  A big kobold skeleton (D:9)
  2 big fish (D:9)
  An orc priest (D:9)
  A worker ant (D:9)
  A jelly (D:7)
  2 white imps (D:6)
  A giant gecko (D:8)
  A quokka (D:8)
  A goblin (D:2)
  A rat (D:9)
  6 plants (D:9)
20 creatures vanquished.

Grand Total: 277 creatures vanquished

Notes
Turn   | Place    | Note
--------------------------------------------------------------
     0 | D:1      | M4edhros, the Octopode Artificer, began the quest for the Orb.
     0 | D:1      | Reached XP level 1. HP: 14/14 MP: 1/1
    23 | D:1      | Reached XP level 2. HP: 6/19 MP: 3/3
   208 | D:1      | Found a glowing golden altar of the Shining One.
   363 | D:1      | Reached XP level 3. HP: 22/24 MP: 4/4
   556 | D:1      | Reached skill level 1 in Polearms
   904 | D:2      | Noticed Terence
  1196 | D:2      | HP: 1/24 [Terence/glowing mace (9)]
  1198 | D:2      | Killed Terence
  1491 | D:2      | Reached XP level 4. HP: 29/29 MP: 6/6
  1878 | D:2      | Found a sparkling altar of Nemelex Xobeh.
  2136 | D:3      | Reached skill level 1 in Maces & Flails
  2358 | D:3      | Noticed Ijyb
  2367 | D:3      | Killed Ijyb
  2367 | D:3      | Reached XP level 5. HP: 30/34 MP: 7/7
  2373 | D:3      | Identified a +0 rod of demonology (13/13) (You found it on level 3 of the Dungeon)
  2912 | D:4      | Noticed Menkaure
  2931 | D:4      | Noticed Kae's ghost (average HaHu)
  3006 | D:4      | Noticed Dowan
  3022 | D:4      | Killed Dowan
  3022 | D:4      | Reached skill level 4 in Stealth
  3031 | D:4      | Noticed Duvessa
  3269 | D:4      | Noticed Sigmund
  3351 | D:4      | Killed Duvessa
  3351 | D:4      | Reached XP level 6. HP: 37/39 MP: 10/10
  3377 | D:4      | Paralysed by a potion of paralysis for 7 turns
  3784 | D:4      | Killed Kae's ghost
  3856 | D:4      | Killed Menkaure
  3856 | D:4      | Reached skill level 5 in Stealth
  3856 | D:4      | Reached skill level 5 in Evocations
  3856 | D:4      | Reached XP level 7. HP: 44/44 MP: 11/13
  3881 | D:4      | Noticed an ogre
  4040 | D:4      | Found a staircase to the Ecumenical Temple.
  4099 | Temple   | Entered the Ecumenical Temple
  4275 | Temple   | Became a worshipper of Warmaster Okawaru
  4423 | D:4      | Killed Sigmund
  4659 | D:5      | Entered Level 5 of the Dungeon
  4893 | D:5      | Found a bloodstained altar of Trog.
  4975 | D:5      | Noticed Grinder
  4986 | D:5      | Paralysed by Grinder for 3 turns
  5000 | D:5      | Killed Grinder
  5000 | D:5      | Reached XP level 8. HP: 5/50 MP: 15/15
  5212 | D:5      | Reached skill level 6 in Stealth
  5400 | D:5      | Found a snail-covered altar of Cheibriados.
  6073 | D:6      | Acquired Okawaru's first power
  6108 | D:6      | Found a glowing silver altar of Zin.
  6109 | D:6      | Found a basalt altar of Yredelemnul.
  6116 | D:6      | Reached skill level 5 in Maces & Flails
  6823 | D:7      | Was placed under penance by Okawaru
  6842 | D:7      | Learned a level 3 spell: Poison Weapon
  6868 | D:7      | Reached skill level 7 in Evocations
  6880 | D:7      | Gained mutation: Your mind is acute (Int +1). [potion of mutation]
  6880 | D:7      | Gained mutation: Your body is misshapen. [potion of mutation]
  6880 | D:7      | Gained mutation: You are partially covered in molten scales (AC +1). [potion of mutation]
  7181 | D:7      | Was forgiven by Okawaru
  7181 | D:7      | Reached XP level 9. HP: 38/54 MP: 18/18
  7362 | D:7      | Noticed Prince Ribbit
  7384 | D:7      | Killed Prince Ribbit
  7384 | D:7      | Reached skill level 1 in Charms
  7405 | D:7      | Reached skill level 1 in Poison Magic
  7502 | D:7      | Paralysed by a giant eyeball for 3 turns
  7644 | D:8      | Reached skill level 1 in Spellcasting
  7723 | D:8      | Noticed an elephant
  7902 | D:8      | Found a staircase to the Lair.
  8282 | D:8      | Killed an elephant
  8282 | D:8      | Reached skill level 5 in Dodging
  8282 | D:8      | Reached skill level 8 in Evocations
  9237 | D:8      | Paralysed by a centaur for 7 turns
  9516 | D:8      | Reached XP level 10. HP: 51/60 MP: 21/21
 10195 | D:9      | Noticed Pikel
 10258 | D:9      | HP: 3/60 [poisoned by a jellyfish]
 10786 | D:9      | Reached skill level 9 in Evocations
 10959 | D:9      | Found a staircase to the Orcish Mines.
 11689 | D:9      | Found a white marble altar of Elyvilon.
 11739 | D:9      | Killed Pikel
 11928 | D:10     | Entered Level 10 of the Dungeon
 12244 | D:10     | Noticed a hill giant
 12268 | D:10     | Noticed a hill giant
 12599 | D:10     | HP: 1/60 [ice beast (10)]
 12604 | D:10     | Learned a level 2 spell: Swiftness
 12689 | D:10     | Slain by an ice beast

Action                   |  1- 3 |  4- 6 |  7- 9 | 10-12 || total
-------------------------+-------+-------+-------+-------++-------
Melee: Short sword       |    24 |       |       |       ||    24
       Spear             |    67 |       |       |       ||    67
       Mace              |     1 |   110 |   290 |   245 ||   646
       Club              |       |       |     6 |       ||     6
 Fire: Sling             |       |     3 |    95 |    91 ||   189
 Cast: Poison Weapon     |       |       |     4 |     4 ||     8
       Swiftness         |       |       |       |     2 ||     2
Invok: Heroism           |       |       |       |     7 ||     7
Evoke: Wand              |       |     6 |    51 |     9 ||    66
       Rod               |       |       |    16 |       ||    16
  Use: Potion            |     5 |     4 |     9 |     3 ||    21
       Scroll            |       |       |    33 |     4 ||    37
 Stab: Sleeping          |     6 |     9 |    13 |     9 ||    37
       Distracted        |     1 |       |     3 |     3 ||     7
       Paralysed         |       |     4 |       |       ||     4
       Invisible         |       |       |     1 |       ||     1
       Confused          |       |       |     1 |       ||     1
